 Dungeon Crawl Stone Soup version 0.29.0-11-gd7f09526c8 (webtiles) character file.

Game seed: 6532950276464833800

1806 groovy9 the Shield-Bearer (level 8, 78/78 HPs)
             Began as a Troll Fighter on Sept 6, 2022.
             Was a Follower of Dithmenos.
             Quit the game on level 7 of the Dungeon.
             The game lasted 00:30:44 (4034 turns).

groovy9 the Shield-Bearer (Troll Fighter)           Turns: 4034, Time: 00:30:45

Health: 78/78      AC: 11    Str: 33    XL:     8   Next: 84%
Magic:  7/7        EV:  9    Int:  4    God:    Dithmenos [*.....]
Gold:   303        SH:  8    Dex:  9    Spells: 7/7 levels left

rFire   . . .      SeeInvis .   m - +2 spear (freeze)
rCold   . . .      Faith    +   b - +0 kite shield
rNeg    . . .      Spirit   .   a - +2 robe
rPois   .          Reflect  .   (helmet restricted)
rElec   .          Harm     .   n - +0 cloak
rCorr   .          Rampage  .   (gloves unavailable)
Will    .....                   (boots unavailable)
Stlth   ++........              s - amulet of faith
HPRegen 1.03/turn               p - +4 ring of protection
MPRegen 0.10/turn               i - +6 ring of strength

@: wreathed by umbra
A: large, unfitting armour, claws 3, regeneration 1, shaggy fur 1, tough skin 1
a: Renounce Religion


You were on level 7 of the Dungeon.
You worshipped Dithmenos.
Dithmenos was aware of your devotion.
You visited 1 branch of the dungeon, and saw 8 of its levels.

You collected 303 gold pieces.

Inventory:

Hand Weapons
 m - a +2 spear of freezing (weapon)
Armour
 a - a +2 robe (worn)
 b - a +0 kite shield (worn)
 n - a +0 cloak (worn)
Jewellery
 i - a +6 ring of strength (right claw)
 l - the amulet "Veaj" {RegenMP +Inv rC- Int+2 Stlth+}
   (You found it on level 2 of the Dungeon)

   [amulet of magic regeneration]

   It increases your rate of magic regeneration.
   Int:       It affects your intelligence (+2).
   rC:        It makes you vulnerable to cold.
   +Inv:      It lets you turn invisible.
   Stlth:     It makes you more stealthy.
 p - a +4 ring of protection (left claw)
 s - an amulet of faith (around neck)
 t - an amulet of the acrobat
 B - a ring of see invisible
Wands
 c - a wand of digging (5)
 o - a wand of flame (27)
 u - a wand of mindburst (10)
Scrolls
 d - a scroll of fear
 h - a scroll of identify
 j - 2 scrolls of teleportation
 r - a scroll of silence {unknown}
 w - a scroll of enchant armour
Potions
 e - a potion of might
 f - a potion of curing
 g - 3 potions of haste
 k - a potion of berserk rage {unknown}
 q - a potion of magic
 v - 2 potions of heal wounds


   Skills:
 + Level 4.0 Fighting
 + Level 3.4 Polearms
 + Level 5.4 Dodging
 + Level 1.1 Stealth
 + Level 6.0 Shields
 + Level 5.1 Unarmed Combat


You had 7 spell levels left.
You didn't know any spells.
Your spell library contained the following spells:

 Spells                   Type           Power      Damage    Failure   Level
 Sting                    Tmut/Pois      0%         1d3       77%         1
 Ensorcelled Hibernation  Hex/Ice        0%         N/A       88%         2
 Passwall                 Tmut/Erth      0%         N/A       88%         2
 Poisonous Vapours        Pois/Air       0%         N/A       88%         2
 Swiftness                Air            0%         N/A       98%         3
 Olgreb's Toxic Radiance  Pois           0%         N/A       100%        4


Dungeon Overview and Level Annotations

Branches:
Dungeon (8/15)
 Temple: D:4-7         Lair: D:8-11

Altars:
Cheibriados
Dithmenos
Elyvilon
Fedhas
Hepliaklqana
Uskayaw
Yredelemnul

Shops:
D:2 *


Innate Abilities, Weirdness & Mutations

You are too large for most types of armour.
You have claws for hands.
Your natural rate of healing is unusually fast.
You are covered in fur. (AC +1)
You have tough skin. (AC +1)


Message History

The orc wizard is almost dead.
The orc wizard hits you but does no damage.
You puncture the orc wizard! You freeze the orc wizard.
You kill the orc wizard!
Dithmenos accepts your kill.
You completely miss the orc. The orc barely misses you.
You hit the orc. You freeze the orc.
The orc is heavily wounded.
The orc hits you but does no damage.
You puncture the orc! You freeze the orc.
You kill the orc!
Dithmenos accepts your kill.
The orc priest calls down the wrath of Beogh upon you.
You struggle to resist.
Your Fighting skill increases to level 4!
You hit the orc but do no damage. The orc closely misses you.
You hit the orc. You freeze the orc.
You kill the orc!
Dithmenos accepts your kill.
You puncture the orc priest! You freeze the orc priest.
The orc priest is heavily wounded.
The orc priest hits you with a +0 hand axe.
You completely miss the orc priest.
The orc priest is heavily wounded.
You block the orc priest's attack.
You puncture the orc priest! You freeze the orc priest.
You kill the orc priest!
Dithmenos accepts your kill.
Items here: )))) [[ †.
Items here: )))) [[ †.
r - a scroll labelled YNLUZX QERPH
t - an amulet of the acrobat
v - 2 potions of heal wounds Unknown command.
Saving game... please wait.
Welcome back, groovy9 the Troll Fighter.
Dithmenos says: Spread the eternal night.
Press ? for a list of commands and other information.
Unknown command.
Are you sure you want to abandon this character and quit the game? (Confirm with "yes".)

..##.#.#.............
.......>.............
.....#.###...........
.....................
. ...............#.
.................#
.................#
...#.##..#..#....#
...#. #..#..#@.[.#
#..#..#........ ..
.....#......
.............
.......#......
.....#.#.### #......
.# ....... .


There were no monsters in sight!

Vanquished Creatures
  Menkaure (D:5)
  Duvessa (D:5)
  A sky beast (D:5)
  A black bear (D:4)
  An ogre (D:5)
  2 centaurs
  3 kobold brigands
  A scorpion (D:5)
  3 wights (D:6)
  Dowan (D:5)
  3 killer bees (D:8)
  2 orc priests
  4 hounds
  A jelly (D:5)
  Jessica (D:2)
  An iguana (D:6)
  3 orc wizards
  4 gnolls (D:2)
  13 adders
  2 worms
  4 dart slugs
  11 orcs
  3 endoplasms
  3 giant cockroaches
  6 goblins
  5 hobgoblins
  A jackal (D:2)
  7 quokkas
  8 ball pythons
  7 bats
  6 frilled lizards
  18 kobolds
  8 rats
136 creatures vanquished.

Notes
Turn   | Place    | Note
-------+----------+-------------------------------------------
     0 | D:1      | groovy9 the Troll Fighter began the quest for the Orb.
     0 | D:1      | Reached XP level 1. HP: 22/22 MP: 0/0
   242 | D:1      | Reached XP level 2. HP: 29/29 MP: 1/1
   679 | D:2      | Reached skill level 3 in Shields
   680 | D:2      | Reached XP level 3. HP: 4/36 MP: 2/2
   989 | D:2      | Reached XP level 4. HP: 44/44 MP: 3/3
  1051 | D:2      | Found Qoazaume's General Store.
  1165 | D:2      | Noticed Jessica
  1170 | D:2      | Killed Jessica
  1198 | D:2      | Found a faded altar of an unknown god.
  1241 | D:2      | Reached XP level 5. HP: 52/52 MP: 4/4
  1359 | D:2      | Identified the amulet "Veaj" {RegenMP +Inv rC- Int+2
                  | Stlth+}
  1757 | D:3      | Found a hide-covered altar of Uskayaw.
  2062 | D:4      | Found a snail-covered altar of Cheibriados.
  2074 | D:4      | Noticed a black bear
  2080 | D:4      | Killed a black bear
  2081 | D:4      | Reached XP level 6. HP: 60/61 MP: 5/5
  2290 | D:4      | Found a white marble altar of Elyvilon.
  2366 | D:4      | Found a shadowy altar of Dithmenos.
  2414 | D:4      | Became a worshipper of Dithmenos the Shadowed
  2561 | D:5      | Entered Level 5 of the Dungeon
  2585 | D:5      | Noticed a sky beast
  2608 | D:5      | Killed a sky beast
  2609 | D:5      | Reached XP level 7. HP: 53/67 MP: 6/6
  2660 | D:5      | Reached skill level 4 in Shields
  2660 | D:5      | Reached skill level 5 in Unarmed Combat
  2674 | D:5      | Reached skill level 1 in Polearms
  2761 | D:5      | Found a basalt altar of Yredelemnul.
  2778 | D:5      | Found a hazy altar of Hepliaklqana.
  2795 | D:5      | Noticed Duvessa
  2797 | D:5      | Noticed Dowan
  2815 | D:5      | Killed Duvessa
  2836 | D:5      | Killed Dowan
  2925 | D:5      | Found a blossoming altar of Fedhas.
  2925 | D:5      | Noticed Menkaure
  2956 | D:5      | Killed Menkaure
  3002 | D:5      | Reached * piety under Dithmenos
  3003 | D:5      | Reached skill level 5 in Shields
  3003 | D:5      | Reached XP level 8. HP: 75/75 MP: 7/7
  3574 | D:6      | Reached skill level 1 in Stealth
  3685 | D:6      | Reached skill level 5 in Dodging
  3730 | D:6      | You fall into a shaft and drop 2 floors!
  3948 | D:8      | Reached skill level 6 in Shields
  4034 | D:7      | Quit the game

Illustrated notes

Levels and vault maps discovered:
D:1:      dpeg_arrival_rooms_a, layout_basic, minmay_unequal
D:2:      layout_basic, dreamdust_ecumenical_altar_statues, serial_shops,
          nicolae_shop_hallway_stairs, minmay_vboxes, uniq_jessica
D:3:      layout_rooms, nicolae_uskayaw_murder_on_the_dancefloor
D:4:      layout_rooms, mainiacjoe_overflow_alcove_1,
          mainiacjoe_overflow_alcove_2,
          mainiacjoe_overflow_concentric_impassable, kennysheep_generic_room_7
D:5:      layout_basic, mainiacjoe_overflow_paths,
          fedhas_bush_and_centaur_altar, mainiacjoe_overflow_surrounded_room,
          uniq_duvessa, uniq_menkaure
D:6:      layout_basic, nicolae_overflow_crystal_walls
D:7:      layout_basic, minmay_temple_entry_drinking_statues
D:8:      layout_basic, nicolae_ru_great_annihilating_truth,
          ashenzari_conservatory_becter, dpeg_lair_monsters, enter_bailey_3,
          chequers_ossuary_entry_cave

Skill      XL: |  1  2  3  4  5  6  7  8 |
---------------+-------------------------+-----
Shields        | 3 5 6 |  6.0
Dodging        | 3 4 5 |  5.4
Unarmed Combat | 3 4 5 |  5.1
Fighting       | 3 4 |  4.0
Polearms       | 2 3 |  3.4
Stealth        | 1 |  1.1

Action                   |  1- 3 |  4- 6 |  7- 9 || total
-------------------------+-------+-------+-------++-------
Melee: Unarmed           |    68 |   170 |       ||   238
       Spear             |       |    29 |   285 ||   314
Evoke: Wand              |       |     1 |       ||     1
  Use: Scroll            |     4 |     9 |     5 ||    18
       Potion            |     1 |     7 |     1 ||     9
 Stab: Sleeping          |       |     1 |     1 ||     2
Armor: Robe              |    22 |    94 |   142 ||   258
Dodge: Dodged            |    27 |    83 |   141 ||   251
Block: Kite shield       |    18 |    92 |   143 ||   253
